 Dungeon Crawl Stone Soup version 0.16.1-51-g6203257 (webtiles) character file.

179 Jinxed the Cudgeler (level 5, 0/47 HPs)
             Began as a Minotaur Chaos Knight on Aug 10, 2015.
             Slain by Grinder (7 damage)
             ... on level 3 of the Dungeon.
             The game lasted 00:05:16 (1645 turns).

Jinxed the Cudgeler (Minotaur Chaos Knight)         Turns: 1645, Time: 00:05:16

Health: 0/47       AC:  5    Str: 18    XL:     5   Next: 33%
Magic:  2/2        EV: 12    Int:  9    God:    Xom [...*..]
Gold:   225        SH:  0    Dex:  9    Spells: 0 memorised, 4 levels left

rFire  . . .     SeeInvis .     a - +0 mace (chaos)
rCold  . . .     Clarity  .     b - +2 leather armour
rNeg   . . .     SustAb   .     (no shield)
rPois  .         Gourm    .     (helmet restricted)
rElec  .         Spirit   .     (no cloak)
rCorr  .         Warding  .     (no gloves)
rMut   .         Stasis   .     (no boots)
MR     .....                    (no amulet)
Stlth  +.........               (no ring)
                                (no ring)

@: not resistant to hostile enchantments, very unstealthy
A: retaliatory headbutt, horns 2
a: Renounce Religion


You were on level 3 of the Dungeon.
You worshipped Xom.
You were a favourite toy of Xom.
You were very hungry.

You visited 1 branch of the dungeon, and saw 3 of its levels.

You collected 225 gold pieces.

Inventory:

Hand weapons
 a - a +0 mace of chaos (weapon)
Armour
 b - a +2 leather armour (worn)
Scrolls
 f - a scroll of fog {unknown}
 g - a scroll of blinking {unknown}
 h - 3 scrolls of identify {unknown}
 j - a scroll of teleportation {unknown}
 m - a scroll of enchant armour {unknown}
 n - a scroll of remove curse {unknown}
 o - a scroll of magic mapping {unknown}
Potions
 d - a potion of resistance {unknown}
 e - 2 potions of flight {unknown}
 k - a potion of curing {unknown}
 l - 2 potions of restore abilities {unknown}
 p - a potion of brilliance {unknown}
 q - a potion of agility {unknown}
Comestibles
 c - 3 bread rations
 i - a meat ration


   Skills:
 * Level 4.8 Fighting
 * Level 5.3 Maces & Flails
 + Level 3.7 Armour
 + Level 2.2 Dodging


You had 4 spell levels left.
You didn't know any spells.

Dungeon Overview and Level Annotations

Branches:
Dungeon (3/15)

Altars:

Annotations:
D:3 Grinder


Innate Abilities, Weirdness & Mutations

You reflexively headbutt those who attack you in melee.
You have a pair of horns on your head.


Message History

* * * LOW HITPOINT WARNING * * *
You writhe in agony. x2
You closely miss Grinder. Your headbutt misses Grinder.
Grinder gestures at you.
You suddenly lose the ability to move!
Grinder gestures at you. You resist with significant effort. Grinder hits you!
* * * LOW HITPOINT WARNING * * *
You writhe in agony.
You die... "That's my toy, go get your own!"
Xom revives you! Grinder hits you but does no damage.
You can move again.
You closely miss Grinder. Grinder barely misses you.
Grinder closely misses you.
You hit Grinder but do no damage. Grinder hits you!
You die...
Xom cackles wildly!

#..# #.............
#..# #######.......
#..# #.)..... #(.#
####....... #..#
##...###...) #..#
##.###.##...[
#..#### #.##
##.#.... #.....###.#
#...... ##..@..##.##
##.##...
####5.###.###.###.#.
..# ##...## #...
..#####.## #...
.....##.#####...
#.##.##.##......
#.##.##.##.##..#
#.##.##.##.##..#
#.##.##..#.##..#


You could see Grinder.

Vanquished Creatures
  Sigmund (D:2)
  6 adders (D:2)
  A worm (D:1)
  2 giant geckos (D:2)
  An orc (D:3)
  A ball python (D:1)
  2 bats (D:2)
  A giant cockroach (D:1)
  6 hobgoblins
  4 jackals
  2 giant newts
  4 goblins
  7 kobolds
  6 rats
44 creatures vanquished.

Vanquished Creatures (collateral kills)
  A giant cockroach (D:1)
  A rat (D:1)
2 creatures vanquished.

Grand Total: 46 creatures vanquished

Notes
Turn   | Place    | Note
--------------------------------------------------------------
     0 | D:1      | Jinxed, the Minotaur Chaos Knight, began the quest for the Orb.
     0 | D:1      | Reached XP level 1. HP: 19/19 MP: 1/1
    99 | D:1      | XOM: harmless Tloc miscast
   193 | D:1      | Reached skill level 4 in Maces & Flails
   193 | D:1      | Reached XP level 2. HP: 24/27 MP: 1/1
   259 | D:1      | XOM: mild Air miscast
   776 | D:2      | Reached XP level 3. HP: 33/33 MP: 2/2
   795 | D:2      | XOM is BORED!
   795 | D:2      | XOM: noise
   855 | D:2      | XOM: colour smoke trail
   880 | D:2      | XOM: vitrification
   974 | D:2      | Reached XP level 4. HP: 26/40 MP: 2/2
  1098 | D:2      | XOM: severe Chrm miscast
  1174 | D:2      | Noticed Sigmund
  1183 | D:2      | XOM: mild Necr miscast
  1283 | D:1      | XOM: harmless Chrm miscast
  1376 | D:2      | Killed Sigmund
  1376 | D:2      | Reached skill level 5 in Maces & Flails
  1376 | D:2      | Reached XP level 5. HP: 22/47 MP: 2/2
  1619 | D:3      | Noticed Grinder
  1628 | D:3      | Paralysed by Grinder for 7 turns
  1640 | D:3      | Paralysed by Grinder for 4 turns
  1642 | D:3      | Xom revived you
  1645 | D:3      | Slain by Grinder

Action                   |  1- 3 |  4- 6 || total
-------------------------+-------+-------++-------
Melee: Mace              |    75 |    62 ||   137
  Eat: Chunk             |       |     1 ||     1
